 Dungeon Crawl Stone Soup version 0.30.0-10-gfe55d96785 (webtiles) character file.

Game seed: 18207442137908872479

217 ryw the Trooper (level 5, -4/47 HPs)
             Began as a Demonspawn Monk on May 15, 2023.
             Killed by divine providence
             ... invoked by an orc priest
              (13 damage)
             ... on level 3 of the Dungeon.
             The game lasted 00:03:11 (2400 turns).

ryw the Trooper (Demonspawn Monk)                   Turns: 2400, Time: 00:03:12

Health: -4/47      AC:  8    Str: 17    XL:     5   Next: 62%
Magic:  5/5        EV: 11    Int: 16    God:
Gold:   185        SH:  4    Dex: 14    Spells: 4/4 levels left

rFire   . . .        i - +0 hand axe (vamp)
rCold   . . .        c - orb {light}
rNeg    . . .        k - +2 ring mail "Lirena" {Int+5}
rPois   .            (no helmet)
rElec   .            (no cloak)
rCorr   .            e - +0 pair of gloves
SInv    .            (no boots)
Will    .....        m - amulet of magic regeneration
Stlth   +            (no ring)
HPRegen 0.27/turn    (no ring)
MPRegen 0.49/turn

%: no passive effects
@: glowing
A: hooves 1, condensation shield, strong 1, wild magic 1
a: no special abilities


You were on level 3 of the Dungeon.
You visited 1 branch of the dungeon, and saw 3 of its levels.

You collected 185 gold pieces.

Inventory:

Hand Weapons
 i - a +0 vampiric hand axe (weapon)
Armour
 c - an orb of light (worn)
 e - a +0 pair of gloves (worn)
 k - the +2 ring mail "Lirena" (worn) {Int+5}
   (You found it on level 2 of the Dungeon)

   Int:       It affects your intelligence (+5).
Jewellery
 m - an amulet of magic regeneration (around neck)
Scrolls
 a - a scroll of poison {unknown}
 g - 5 scrolls of magic mapping {unknown}
 h - a scroll of amnesia {unknown}
 j - 2 scrolls of teleportation {unknown}
 l - a scroll of fear {unknown}
 n - a scroll of identify {unknown}
Potions
 b - a potion of ambrosia
 d - a potion of heal wounds {unknown}
 f - a potion of curing {unknown}


   Skills:
 + Level 6.4 Fighting
 - Level 2.6 Dodging
 - Level 2.6 Unarmed Combat


You had 4 spell levels left.
You didn't know any spells.
Your spell library was empty.

Dungeon Overview and Level Annotations

Branches:
Dungeon (3/15)

Altars:

Shops:
D:1 (   D:2 =


Innate Abilities, Weirdness & Mutations

You have large cloven feet.
A meltable shield of frost defends you. (SH +4)
Your muscles are strong. (Str +4, Int/Dex -1)
Your spells are a little harder to cast, but a little more powerful.


Message History

You hit the endoplasm. You block the bat's attack.
The endoplasm barely misses you. The bat barely misses you.
The endoplasm closely misses you.
The orc priest invokes the aid of Beogh against you.
Beogh smites you!
A kobold comes into view. It is wielding a +0 dagger.
Unknown command.
The bat hits you but does no damage.
The endoplasm hits you but does no damage.
You block the endoplasm's attack. The bat barely misses you.
Unknown command.
The bat closely misses you. The bat hits you but does no damage.
The bat barely misses you.
You hit the bat but do no damage. You kick the bat.
You kill the bat!
You hit the endoplasm.
You kick the endoplasm, but do no damage.
The endoplasm is almost dead.
The endoplasm freezes you.
You are frozen.
You slash the endoplasm!
You kill the endoplasm!
The bat hits you but does no damage.
You slash the bat!
You kill the bat!
You slash the kobold!
You kill the kobold!
You hit the orc priest.
You feel better.
You kick the orc priest.
The orc priest is heavily wounded.
The orc priest invokes the aid of Beogh against you.
Pain shoots through your body!
You slash the orc priest!
You feel better.
The orc priest is almost dead.
The orc priest calls down the wrath of Beogh upon you.
Pain shoots through your body!
* * * LOW HITPOINT WARNING * * *
The orc priest calls down the wrath of Beogh upon you.
Beogh smites you!
You die...

#####....###
..#.....>.#
.........#
#.......#
...#####.K..#
#....ob.J..#
.....####.#.##
.....#..o###.# ....
#.##@#.## ...
#.#....# #. ...
#.#.#.## ... #.#
#.....# #.# #.#
###)### #.# #.# #.#
#.# ###.#####.###
#.#####..#........#
........#.......#.#


You could see an orc priest.

Vanquished Creatures
  A black bear (D:2)
  An orc priest (D:2)
  An adder (D:2)
  3 worms (D:2)
  A dart slug (D:3)
  8 orcs
  8 endoplasms
  2 giant cockroaches (D:1)
  6 goblins
  2 hobgoblins (D:2)
  7 jackals
  9 kobolds
  2 quokkas
  6 ball pythons
  4 bats
  A frilled lizard (D:1)
  8 rats
70 creatures vanquished.

Notes
Turn   | Place    | Note
-------+----------+-------------------------------------------
     0 | D:1      | ryw the Demonspawn Monk began the quest for the Orb.
     0 | D:1      | Reached XP level 1. HP: 18/18 MP: 1/1
   102 | D:1      | Found a faded altar of an unknown god.
   149 | D:1      | Gained mutation: A meltable shield of frost defends you.
                  | (SH +4) [demonic ancestry]
   149 | D:1      | Reached XP level 2. HP: 15/24 MP: 2/2
   338 | D:1      | Found Heareusopt's Weapon Boutique.
   373 | D:1      | Reached skill level 4 in Fighting
   648 | D:1      | Reached XP level 3. HP: 25/30 MP: 3/3
   919 | D:2      | Found Healaeta's Jewellery Emporium.
   991 | D:2      | Noticed a black bear
   993 | D:2      | Gained mutation: Your spells are a little harder to cast,
                  | but a little more powerful. [potion of mutation]
   993 | D:2      | Gained mutation: Your muscles are strong. (Str +4, Int/Dex
                  | -1) [potion of mutation]
  1000 | D:2      | Killed a black bear
  1001 | D:2      | Reached skill level 5 in Fighting
  1001 | D:2      | Gained mutation: You have large cloven feet. [demonic
                  | ancestry]
  1001 | D:2      | Reached XP level 4. HP: 22/39 MP: 4/4
  1311 | D:2      | Identified the +2 ring mail "Lirena" {Int+5}
  1500 | D:2      | Reached skill level 6 in Fighting
  1500 | D:2      | Reached XP level 5. HP: 33/46 MP: 5/5
  2400 | D:3      | Killed from afar by an orc priest

Illustrated notes

Levels and vault maps discovered:
D:1:      elethiomel_arrival_infinity_welcomes_careful_drivers, layout_basic,
          serial_shops, nicolae_shop_bloodbath_and_beyond,
          chequers_ecumenical_altar_simple
D:2:      layout_basic, serial_shops, shop, minmay_goblin_kobold_house
D:3:      lemuel_castle_with_subvaults [lemuel_castle_interior_carwin_1],
          layout_loops_cross

Skill      XL: |  1  2  3  4 |
---------------+-------------+-----
Fighting       | 4 5 6 |  6.4
Dodging        | |  2.6
Unarmed Combat | |  2.6

Action                     |  1- 3 |  4- 6 || total
---------------------------+-------+-------++-------
  Melee: Unarmed           |   119 |    28 ||   147
         Kick              |       |    21 ||    21
         Hand axe          |       |    54 ||    54
    Use: Potion            |     2 |       ||     2
 Armour: Robe              |    23 |       ||    23
         Ring mail         |       |    24 ||    24
  Dodge: Dodged            |    72 |    41 ||   113
  Block: Orb               |    15 |    13 ||    28
